AoeStats
← 无敌火枪手

Arabia

506457522Analyzed
1v1 RM · 19d ago on Sep 13, 2026· 31m 9s· 2 players
Game mode
Random Map
Map size
Tiny (2 player)
Population
200
Speed
Normal
Resources
Standard
Victory
Conquest
Starting age
Dark Age
Ending age
Imperial Age
RankedLock teamsTeams togetherTeam positionsShared explorationLock speedFull tech treeHidden civsTurbo modeCheats
Victory
Defeat
🇨🇳 Spanish · China
967
+18
🇨🇱 Jurchens · Chile
1008
-18
无敌火枪手
0:54 Loom
10:42 Feudal Age
12:13 Double-Bit Axe
18:28 Castle Age
17:04 Gold Mining
Manzaco
7:16 Loom
10:01 Feudal Age
11:06 Double-Bit Axe
14:36 Bloodlines
16:10 Forging
16:47 Scale Barding Armor
23:10 Castle Age
25:56 Wheelbarrow
30:25 Town Watch
Connection lost

Rejoining the realm…

Still unreachable

The connection could not be restored.

Session expired

The server has moved on; the page needs a fresh start.